[Event "*** SCC Grand Prix: Titled Tuesday Blitz"]
[Site "Chess.com"]
[Date "2020.07.14"]
[Round "6"]
[White "Kildepiotr"]
[Black "mishanick"]
[Result "0-1"]
[WhiteElo "2591"]
[BlackElo "2836"]
[TimeControl "180+1"]
[EndTime "11:05:49 PDT"]
[Termination "mishanick won by resignation"]

1. Nf3 d5 2. g3 Nf6 3. Bg2 g6 4. O-O Bg7 5. d3 Nc6 6. Nbd2 e5 7. e4 dxe4 8. dxe4 Be6 9. c3 a5 10. a4 O-O 11. Qe2 Qd7 12. Nc4 Bxc4 13. Qxc4 Ne8 14.
Qe2 Nd6 15. Rd1 Qe6 16. Qc2 Rad8 17. Be3 f5 18. Ng5 Qe7 19. Qb3+ Kh8 20. exf5 gxf5 21. Ne6 f4 22. Nxd8 fxe3 23. Nxc6 exf2+ 24. Kh1 bxc6 25. Qc2 e4 26. Qe2 e3 27. Rd3 Bh6 28. Rf1 c5 29. Bf3 Qe6 30. Kg2 Nf5 31. Rxf2 Nh4+ 32. Kh1 exf2 33.
Qxf2 Qf5 0-1

[Event "*** SCC Grand Prix: Titled Tuesday Blitz"]
[Site "Chess.com"]
[Date "2020.07.14"]
[Round "6"]
[White "BogdanDeac"]
[Black "Chess_Boxer123"]
[Result "1-0"]
[WhiteElo "2797"]
[BlackElo "2576"]
[TimeControl "180+1"]
[EndTime "11:05:52 PDT"]
[Termination "BogdanDeac won on time"]

1. Nf3 d5 2. d4 Nf6 3. c4 c6 4. g3 Bf5 5. Nc3 e6 6. Nh4 Be4 7. f3 Bg6 8. Qb3 Qc7 9. Bf4 Qc8 10. cxd5 Nxd5 11. Nxg6 hxg6 12. Bd2 Nd7 13. e4 Nxc3 14. bxc3 Bd6 15. e5 Be7 16. f4 Nb6 17. c4 O-O 18. a4 Rb8 19. Bg2 Rd8 20. Be3 c5 21. d5 exd5 22. cxd5 c4 23. Qb5 c3 24. d6 Bxd6 25.
exd6 Nc4 26. Bxa7 Ra8 27. Bc5 Qe6+ 28. Kf2 Ra5 29. Qb4 Rc8 30. Rhe1 Qd7 31. Re7 1-0

[Event "*** SCC Grand Prix: Titled Tuesday Blitz"]
[Site "Chess.com"]
[Date "2020.07.14"]
[Round "6"]
[White "davidkalashian"]
[Black "Alexander_Moskalenko"]
[Result "0-1"]
[WhiteElo "2570"]
[BlackElo "2780"]
[TimeControl "180+1"]
[EndTime "11:05:52 PDT"]
[Termination "Alexander_Moskalenko won by checkmate"]

1. e4 e6 2. d4 d5 3. Nd2 c5 4. exd5 Qxd5 5. Ngf3 cxd4 6. Bc4 Qd6 7. O-O Nf6 8. Nb3 Nc6 9. Nbxd4 Nxd4 10. Qxd4 Qxd4 11. Nxd4 Bd7 12. Bg5 Rc8 13. Bb3 Bc5 14. Rad1 h6 15.
Bxf6 gxf6 16. c3 Ke7 17. Rfe1 Rhd8 18. Rd2 Be8 19. Red1 b5 20. a3 a5 21. Nc2 Rxd2 22.
Rxd2 f5 23. Kf1 h5 24. Ke2 h4 25. g3 Bd6 26. Nd4 hxg3 27. hxg3 Bd7 28. Nc2 f4 29. g4 Rg8 30. f3 Rh8 31. Nd4 Rh1 32. Bc2 Bc5 33. Nb3 Be3 34. Rd1 Rh2+ 35. Kd3 Bc6 36. Rf1 Bd5 37. Nxa5 Rd2# 0-1

[Event "*** SCC Grand Prix: Titled Tuesday Blitz"]
[Site "Chess.com"]
[Date "2020.07.14"]
[Round "6"]
[White "allvim"]
[Black "realmadridtv"]
[Result "0-1"]
[WhiteElo "2253"]
[BlackElo "2461"]
[TimeControl "180+1"]
[EndTime "11:05:52 PDT"]
[Termination "realmadridtv won by resignation"]

1. e4 e5 2. Nf3 Nc6 3. Bc4 Bc5 4. O-O Nf6 5. d4 Bxd4 6. Nxd4 Nxd4 7. Bg5 d6 8. f4 h6 9. Bh4 Be6 10. Na3 Qe7 11. c3 Bxc4 12. Nxc4 Ne6 13. fxe5 dxe5 14. Kh1 g5 15. Bg3 Nf4 16. Ne3 Qe6 17. Nf5 Kf8 18. Bxf4 exf4 19. Qd4 Kg8 20. Rad1 Kh7 21. Qc5 Nxe4 22.
Qb5 a6 23. Qd5 Qxd5 24. Rxd5 Rad8 25. Re5 Rhe8 26. Rxe8 Rxe8 27. Kg1 Kg6 28. Nd4 c5 29. Nf3 g4 30. Ne1 Nd2 0-1

[Event "*** SCC Grand Prix: Titled Tuesday Blitz"]
[Site "Chess.com"]
[Date "2020.07.14"]
[Round "6"]
[White "Ze-Pequeno"]
[Black "r31415"]
[Result "0-1"]
[WhiteElo "2253"]
[BlackElo "2434"]
[TimeControl "180+1"]
[EndTime "11:05:52 PDT"]
[Termination "r31415 won by resignation"]

1. e4 e5 2. Nf3 Nc6 3. Nc3 Nf6 4.
d4 exd4 5. Nxd4 Bb4 6. Nxc6 bxc6 7. Bd3 d5 8. exd5 O-O 9. O-O cxd5 10. Bg5 c6 11.
Qf3 Bd6 12. h3 Rb8 13. b3 Be5 14. Bd2 Bb7 15. Rae1 Bd6 16. Ne2 c5 17. Bg5 Be7 18. Ng3 c4 19. Nf5 Bb4 20. Nxg7 Kxg7 21. Re5 cxd3 22.
Qg3 Kh8 23. h4 0-1

[Event "*** SCC Grand Prix: Titled Tuesday Blitz"]
[Site "Chess.com"]
[Date "2020.07.14"]
[Round "6"]
[White "Mbneu"]
[Black "Klavdia_Nik"]
[Result "1-0"]
[WhiteElo "2212"]
[BlackElo "2059"]
[TimeControl "180+1"]
[EndTime "11:05:52 PDT"]
[Termination "Mbneu won on time"]

1. d4 Nf6 2. c4 c5 3. d5 b5 4.
a4 bxc4 5. Nc3 d6 6. e4 g6 7. f4 Bg7 8. Nf3 O-O 9. Bxc4 Ba6 10.
Bb5 Ne8 11. O-O Nc7 12. Qe2 Qc8 13. e5 Qb7 14. e6 fxe6 15. dxe6 Nc6 16. Bxa6 Qxa6 17.
Nb5 Nb4 18. Kh1 Qc6 19. Nxc7 Qxc7 20. Ng5 Nc6 21. Nf7 Nd4 22. Qc4 Nxe6 23. Ng5 1-0

[Event "*** SCC Grand Prix: Titled Tuesday Blitz"]
[Site "Chess.com"]
[Date "2020.07.14"]
[Round "6"]
[White "MarceloPlaya"]
[Black "verdest"]
[Result "1-0"]
[WhiteElo "2342"]
[BlackElo "2497"]
[TimeControl "180+1"]
[EndTime "11:05:54 PDT"]
[Termination "MarceloPlaya won by resignation"]

1. e4 c5 2. Nf3 Nc6 3. d4 cxd4 4. Nxd4 Nf6 5. Nc3 e5 6. Ndb5 d6 7. Bg5 a6 8. Na3 b5 9. Nd5 Be7 10. Nxe7 Qxe7 11. Bd3 h6 12. Be3 O-O 13. Qe2 Be6 14. O-O Rfd8 15. c4 b4 16. Nc2 a5 17. f4 exf4 18.
Bxf4 Ne5 19. Ne3 Nfd7 20. Nd5 Bxd5 21. exd5 Re8 22. Rae1 Nc5 23. Bb1 Qh4 24. g3 Qh3 25.
b3 g6 26. Qd2 Kg7 27. Bxe5+ Rxe5 28. Rxe5 dxe5 29. Qf2 1-0

[Event "*** SCC Grand Prix: Titled Tuesday Blitz"]
[Site "Chess.com"]
[Date "2020.07.14"]
[Round "6"]
[White "FabianoCaruana"]
[Black "Shield12"]
[Result "1/2-1/2"]
[WhiteElo "3020"]
[BlackElo "2860"]
[TimeControl "180+1"]
[EndTime "11:05:55 PDT"]
[Termination "Game drawn by repetition"]

1. e4 c5 2. Nf3 Nc6 3. Bb5 Nf6 4. Nc3 g6 5. e5 Ng4 6. Bxc6 dxc6 7. h3 Nh6 8. d3 Bg7 9. Qe2 Nf5 10. Bf4 b6 11. O-O O-O 12. Ne4 Nd4 13. Nxd4 cxd4 14. Rae1 c5 15. Qd2 Qd5 16. b3 Bb7 17. f3 Bxe5 18. Bxe5 Qxe5 19. Qh6 Qg7 20. Qh4 f6 21. Nd2 Bd5 22. f4 Rae8 23. Qg3 h6 24.
Rf2 Kh7 25. Rfe2 e6 26. Nf3 g5 27. f5 e5 28. Nd2 b5 29. Ne4 Bxe4 30. Rxe4 Rc8 31.
Qf3 Qf7 32. R4e2 h5 33. Rc1 Rc7 34. c4 dxc3 35. Rxc3 Rd8 36. Rec2 Rdc8 37. a4 b4 38.
Rc4 a5 39. Rc1 Kh6 40. Qe3 Qe7 41. h4 Kh7 42. hxg5 fxg5 43. Qe4 Qf6 44. Rf1 Kh6 45. Rfc1 Kh7 46. Re1 Rd8 47. Rec1 Rdc8 1/2-1/2

[Event "*** SCC Grand Prix: Titled Tuesday Blitz"]
[Site "Chess.com"]
[Date "2020.07.14"]
[Round "6"]
[White "aNaartjieZA"]
[Black "attack2mateU"]
[Result "0-1"]
[WhiteElo "2485"]
[BlackElo "2657"]
[TimeControl "180+1"]
[EndTime "11:05:57 PDT"]
[Termination "attack2mateU won by resignation"]

1. e4 c5 2. Nf3 d6 3. g3 Nc6 4. Bg2 g6 5. O-O Bg7 6. c3 Nf6 7. Re1 Bg4 8. h3 Bxf3 9. Qxf3 Nd7 10. Qd1 O-O 11. d3 Rb8 12. a4 a6 13. Be3 Qc7 14.
f4 b5 15. axb5 axb5 16. d4 b4 17. Nd2 cxd4 18. cxd4 Bxd4 19. Bxd4 Nxd4 20. Rc1 Qa7 21. Kh2 Nc5 22. Nc4 Ncb3 23. Rb1 Rfc8 24. Ne3 Rc5 25. f5 Rbc8 26. fxg6 hxg6 27. Qg4 Nc2 28. Nd5 Nxe1 29. Rxe1 Rc2 30. Re3 Nd4 31. h4 Ne6 32. h5 Kg7 33.
Rf3 Rh8 34. Rxf7+ Kxf7 35. Qxg6+ Kf8 36. h6 Qf2 37. Kh3 Qxg2+ 38. Kh4 Qh2+ 39. Kg4 Qxh6 40.
Qf5+ Ke8 0-1

[Event "*** SCC Grand Prix: Titled Tuesday Blitz"]
[Site "Chess.com"]
[Date "2020.07.14"]
[Round "6"]
[White "Lenyas66"]
[Black "snap_man"]
[Result "1-0"]
[WhiteElo "2487"]
[BlackElo "2315"]
[TimeControl "180+1"]
[EndTime "11:05:57 PDT"]
[Termination "Lenyas66 won by resignation"]

1. e4 c6 2. d4 d5 3. exd5 cxd5 4. Bd3 Nc6 5. c3 Nf6 6. Bf4 g6 7. Nf3 Bg7 8. O-O Bg4 9. Nbd2 O-O 10. Qb3 Nh5 11. Be3 Rb8 12. Rfe1 b5 13. h3 Bxf3 14. Nxf3 b4 15. Rac1 bxc3 16. Qxc3 Nb4 17. Bb1 Qd7 18. Ne5 Qb5 19. a3 Na6 20. b4 Qb7 21. Qc6 Nf6 22.
Bd3 Nxb4 23. Qxb7 Rxb7 24. axb4 Rxb4 25. Nc6 Rb7 26. Ba6 Rd7 27. Bf4 h6 28. Nxe7+ Kh7 29. Nc6 Ne4 30. f3 Nf6 31. Be5 h5 32. Ra1 Ne8 33. Bd3 f6 34. Bf4 Nd6 35. Rxa7 1-0

[Event "*** SCC Grand Prix: Titled Tuesday Blitz"]
[Site "Chess.com"]
[Date "2020.07.14"]
[Round "6"]
[White "onnoelgersma"]
[Black "The_Machine04"]
[Result "1-0"]
[WhiteElo "2429"]
[BlackElo "2287"]
[TimeControl "180+1"]
[EndTime "11:05:57 PDT"]
[Termination "onnoelgersma won by resignation"]

1. e4 d6 2. d4 Nf6 3. Nc3 e5 4. Nf3 Nbd7 5. Bc4 Be7 6. O-O c6 7. a4 O-O 8. Re1 b6 9. h3 a6 10.
d5 cxd5 11. Nxd5 Nxd5 12. Bxd5 Rb8 13. c3 Nf6 14. Ba2 Bb7 15. Nd2 Qc7 16. Qe2 Rfe8 17. Bb1 Bf8 18. Nf1 d5 19. exd5 Bxd5 20. Bg5 Nd7 21. Qd3 g6 22. Qxd5 Bg7 23. Ng3 Nc5 24. Ne4 Nxe4 25. Bxe4 b5 26. Qc6 Qxc6 27. Bxc6 Rec8 28.
axb5 axb5 29. Bd5 Rc7 30. Rec1 h6 31. Be3 Rd8 32. Rd1 Rb8 33. Rac1 b4 34. cxb4 Rxc1 35. Rxc1 Rxb4 36. b3 Rb8 37. Rc7 Rf8 1-0

[Event "*** SCC Grand Prix: Titled Tuesday Blitz"]
[Site "Chess.com"]
[Date "2020.07.14"]
[Round "6"]
[White "GiantThresher"]
[Black "EfM13"]
[Result "1-0"]
[WhiteElo "2543"]
[BlackElo "2255"]
[TimeControl "180+1"]
[EndTime "11:05:58 PDT"]
[Termination "GiantThresher won on time"]

1. e4 g6 2. d4 Bg7 3. Nf3 d6 4. Bc4 Nf6 5. Qe2 O-O 6. O-O c6 7. Bb3 a5 8. a4 Na6 9. Rd1 Qc7 10. e5 Nd5 11. h3 Qb6 12. Na3 Nab4 13. Nc4 Qd8 14. c3 Na6 15. Ne3 Nf4 16. Qf1 Be6 17. Bc2 h6 18. Ng4 Bxg4 19. hxg4 Nd5 20. e6 fxe6 21.
Bxg6 Nf4 22. Bc2 Nc7 23. g3 Nfd5 24. Qd3 Nf6 25. g5 hxg5 26. Nxg5 Qe8 27. Kg2 e5 28. dxe5 dxe5 29. Nh7 Rd8 30. Qc4+ 1-0

[Event "*** SCC Grand Prix: Titled Tuesday Blitz"]
[Site "Chess.com"]
[Date "2020.07.14"]
[Round "6"]
[White "PrinceMurad09"]
[Black "Bastiandash"]
[Result "1-0"]
[WhiteElo "2510"]
[BlackElo "2317"]
[TimeControl "180+1"]
[EndTime "11:05:58 PDT"]
[Termination "PrinceMurad09 won by resignation"]

1. e4 c5 2. Nf3 e6 3. g3 a6 4.
Bg2 b5 5. O-O Bb7 6. Re1 Qc7 7. a4 Nf6 8. axb5 axb5 9. Rxa8 Bxa8 10. e5 Nd5 11. d4 c4 12. h4 d6 13. c3 Nd7 14. exd6 Bxd6 15. h5 h6 16. Nbd2 b4 17.
Ne4 Be7 18. Qa4 Bc6 19. Qc2 O-O 20. g4 bxc3 21. bxc3 N5f6 22. Nxf6+ Nxf6 23. Ne5 Bxg2 24. Kxg2 Bd6 25. Bf4 Nd5 26. Bg3 f6 27. Ng6 Re8 28.
Qa4 Kf7 29. Bxd6 Qxd6 30. Qxc4 Nf4+ 31. Nxf4 Qxf4 32. Qe2 e5 33. Qf3 Qd2 34. Rb1 e4 35.
Qf5 Re7 36. Qg6+ Ke6 37. Rb6+ Kd7 38. Qf5+ Ke8 39. Rb8+ Kf7 40. Qd5+ Re6 41. Rb7+ Kf8 42. Qxe6 1-0

[Event "*** SCC Grand Prix: Titled Tuesday Blitz"]
[Site "Chess.com"]
[Date "2020.07.14"]
[Round "6"]
[White "tan275"]
[Black "zajka-molotok"]
[Result "0-1"]
[WhiteElo "2266"]
[BlackElo "2413"]
[TimeControl "180+1"]
[EndTime "11:05:58 PDT"]
[Termination "zajka-molotok won by resignation"]

1. d4 d5 2. c4 dxc4 3. e3 Be6 4. Nf3 c6 5. Ng5 Qa5+ 6. Nc3 Qxg5 7. e4 Qa5 8. d5 cxd5 9. exd5 Bd7 10. Bxc4 Nf6 11. O-O g6 12. d6 e6 13. Qf3 Bg7 14. Bh6 O-O 15. Bxg7 Kxg7 16. Qxb7 Bc6 17. Qb3 Nbd7 18. Nb5 Rab8 19. a4 a6 20. Qc3 Qxc3 21. Nxc3 a5 22. Bb5 Bxb5 23. axb5 Rb6 24. Rfd1 Ra8 25. b4 a4 26.
Nxa4 Rxb5 27. Rd4 Nb6 28. Rad1 Rxa4 29. d7 Nbxd7 0-1

[Event "*** SCC Grand Prix: Titled Tuesday Blitz"]
[Site "Chess.com"]
[Date "2020.07.14"]
[Round "6"]
[White "Vladislav_Chizhikov"]
[Black "AurumO"]
[Result "1-0"]
[WhiteElo "2432"]
[BlackElo "1992"]
[TimeControl "180+1"]
[EndTime "11:05:58 PDT"]
[Termination "Vladislav_Chizhikov won on time"]

1. e4 c5 2. Nf3 Nc6 3. d4 cxd4 4. Nxd4 g6 5. Be3 Bg7 6. Nc3 Nf6 7. Nxc6 bxc6 8. e5 Ng8 9. f4 d6 10. Qf3 d5 11.
O-O-O Nh6 12. Nxd5 cxd5 13. Rxd5 Qc7 14. Bb5+ Kf8 15. Rc5 Qb8 16. Bc6 Bg4 17. Qf2 f6 18. Bxa8 Qxa8 19. h3 Be6 20. Rd1 Kf7 21. g4 Rc8 22. exf6 Rxc5 23. Bxc5 exf6 24. Bxa7 Qc8 25. Bb6 Ng8 26. Rd8 Qb7 27. f5 gxf5 28. gxf5 Bh6+ 29.
Kd1 Qh1+ 30. Ke2 Bc4+ 31. Rd3 Qe4+ 32. Be3 Bxd3+ 33. cxd3 1-0

[Event "*** SCC Grand Prix: Titled Tuesday Blitz"]
[Site "Chess.com"]
[Date "2020.07.14"]
[Round "6"]
[White "amintabatabaei"]
[Black "KazakhFighter04"]
[Result "1-0"]
[WhiteElo "3010"]
[BlackElo "2740"]
[TimeControl "180+1"]
[EndTime "11:05:59 PDT"]
[Termination "amintabatabaei won by resignation"]

1. e4 e5 2. Nf3 Nc6 3. Bb5 Nf6 4. O-O Nxe4 5. Re1 Nd6 6. Nxe5 Be7 7. Bf1 O-O 8. d4 Nf5 9. Nf3 d5 10. c3 Nh4 11. Nxh4 Bxh4 12. Bd3 Bf6 13. Nd2 Ne7 14.
Nf1 Bf5 15. Ng3 Bxd3 16. Qxd3 g6 17. Bh6 Re8 18. Qf3 Bg7 19. Bg5 c6 20. Re2 Qd6 21.
Rae1 f6 22. Re6 Qd7 23. Bxf6 Nf5 24. Rxe8+ Rxe8 25. Rxe8+ Qxe8 26. Bxg7 Qe1+ 27. Nf1 Kxg7 28. Qf4 Qe7 29. Ne3 Nxe3 30. Qxe3 Qd7 31. Qe5+ Kg8 32.
h3 a6 33. a4 h5 34. a5 Kh7 35. Kh2 Qf7 36. f4 Qd7 37. Kg3 Qf7 38. Kh4 Kg8 39. Kg5 Kh7 40. g4 hxg4 41. hxg4 Qd7 42. f5 Qd8+ 43. Qf6 1-0

[Event "*** SCC Grand Prix: Titled Tuesday Blitz"]
[Site "Chess.com"]
[Date "2020.07.14"]
[Round "6"]
[White "chargemax23"]
[Black "PavelChernomordik"]
[Result "1-0"]
[WhiteElo "2662"]
[BlackElo "2342"]
[TimeControl "180+1"]
[EndTime "11:05:59 PDT"]
[Termination "chargemax23 won by resignation"]

1. e4 g6 2. d4 Bg7 3. Nc3 d6 4. Be3 a6 5. f3 b5 6. Qd2 Bb7 7.
h4 h6 8. O-O-O Nd7 9. Kb1 Nb6 10. Qe1 b4 11. Nce2 Nc4 12. Bc1 a5 13. Nf4 Nb6 14. e5 e6 15. Bd3 Ne7 16. Ngh3 Nf5 17. exd6 Qxd6 18. h5 Nxd4 19. hxg6 O-O-O 20. gxf7 a4 21. Nxe6 Nxe6 22. Bf5 Qc5 23. Rxd8+ Rxd8 24. Qxe6+ Kb8 25.
Qe8 Bf6 26. Rd1 Bd5 27. Nf4 Bc4 28. Rxd8+ Bxd8 29. Qxd8+ Ka7 30. f8=Q Bxa2+ 31. Kxa2 b3+ 32. Kb1 bxc2+ 33. Bxc2 1-0

[Event "*** SCC Grand Prix: Titled Tuesday Blitz"]
[Site "Chess.com"]
[Date "2020.07.14"]
[Round "6"]
[White "okriak"]
[Black "Oglob71"]
[Result "1/2-1/2"]
[WhiteElo "2699"]
[BlackElo "2530"]
[TimeControl "180+1"]
[EndTime "11:06:00 PDT"]
[Termination "Game drawn - insufficient material"]

1. Nf3 Nf6 2. c4 c5 3. Nc3 e6 4.
g3 b6 5. Bg2 Bb7 6. O-O d6 7. d4 cxd4 8. Qxd4 a6 9. Rd1 Qc7 10. b3 Nbd7 11. e4 Be7 12. Ba3 Nc5 13. e5 dxe5 14. Qxe5 Qxe5 15. Nxe5 Bxg2 16. Kxg2 Rc8 17.
Rac1 Ncd7 18. Bxe7 Kxe7 19. Nxd7 Nxd7 20. Ne4 Rhd8 21. f4 Nf6 22. Kf3 Nxe4 23. Kxe4 Rxd1 24. Rxd1 b5 25. Rd4 f6 26. Kd3 e5 27. fxe5 fxe5 28. Rd5 bxc4+ 29. bxc4 Ke6 30. Ra5 Rc6 31. h4 Rd6+ 32.
Ke3 Rc6 33. Kd3 Rd6+ 34. Kc3 e4 35. c5 Rd1 36. Rxa6+ Ke5 37. Ra7 Rc1+ 38. Kb4 e3 39. Rxg7 Kd4 40. Rd7+ Ke4 41. Rxh7 e2 42. Re7+ Kf3 43.
h5 e1=Q+ 44. Rxe1 Rxe1 45. h6 Rh1 46. c6 Rxh6 47. Kb5 Kxg3 48. c7 Rh8 49. a4 Kf4 50.
a5 Ke5 51. Kc6 Ke6 52. a6 Ke7 53. a7 Rg8 54. Kb7 Kd7 55. a8=Q Rxa8 56. Kxa8 Kxc7 1/2-1/2

[Event "*** SCC Grand Prix: Titled Tuesday Blitz"]
[Site "Chess.com"]
[Date "2020.07.14"]
[Round "6"]
[White "Iustin106"]
[Black "OhanyanEminChess"]
[Result "1-0"]
[WhiteElo "2339"]
[BlackElo "2480"]
[TimeControl "180+1"]
[EndTime "11:06:01 PDT"]
[Termination "Iustin106 won by resignation"]

1. d4 Nf6 2. c4 c5 3. d5 b5 4.
cxb5 a6 5. bxa6 g6 6. Nc3 Bg7 7. e4 O-O 8. a7 Rxa7 9. Nf3 d6 10. a4 Ba6 11. Bb5 Qa5 12. Bd2 Bxb5 13. Nxb5 Qa6 14.
Nxa7 Qxa7 15. Qe2 Nbd7 16. O-O Rb8 17. Bc3 Ne8 18. e5 Nc7 19. Rfd1 Qb7 20. exd6 exd6 21. a5 Nxd5 22. Bxg7 Kxg7 23. a6 Qa8 24. a7 Rc8 25. Qa6 N7b6 26. Rxd5 Nxd5 27. Qxc8 Qxc8 28. a8=Q Qe6 29.
Re1 Qf5 30. Qc6 Nb4 31. Qxd6 1-0

[Event "*** SCC Grand Prix: Titled Tuesday Blitz"]
[Site "Chess.com"]
[Date "2020.07.14"]
[Round "6"]
[White "KetiGrant"]
[Black "diamonds13"]
[Result "1-0"]
[WhiteElo "2396"]
[BlackElo "2237"]
[TimeControl "180+1"]
[EndTime "11:06:02 PDT"]
[Termination "KetiGrant won by resignation"]

1. e4 c5 2. Nf3 Nc6 3. d4 cxd4 4.
Nxd4 Nf6 5. Nc3 e6 6. Ndb5 Bc5 7. Nd6+ Ke7 8. Bf4 e5 9. Nf5+ Kf8 10. Bg5 d6 11. Bc4 Bxf5 12. exf5 Nd4 13. Qd3 Qd7 14. Bxf6 gxf6 15. Ne4 Qxf5 16. c3 d5 17. Bxd5 Rd8 18.
Qc4 Nc2+ 19. Kd2 Nxa1 20. Rxa1 Bxf2 21. Ke2 Bh4 22. h3 Rg8 23. g4 Rxg4 24. hxg4 Qxg4+ 25. Kd3 Qf3+ 26. Kc2 Qg2+ 27. Kb3 a6 28. Qc5+ Kg7 29. Rg1 Qxg1 30. Qxg1+ Kh8 31. Qh2 1-0

[Event "*** SCC Grand Prix: Titled Tuesday Blitz"]
[Site "Chess.com"]
[Date "2020.07.14"]
[Round "6"]
[White "shnitez"]
[Black "Joseacorrea"]
[Result "1-0"]
[WhiteElo "2523"]
[BlackElo "1941"]
[TimeControl "180+1"]
[EndTime "11:06:02 PDT"]
[Termination "shnitez won on time"]

1. d4 e6 2. c4 f5 3. g3 Nf6 4.
Bg2 c6 5. Nf3 d5 6. O-O Bd6 7.
b3 Nbd7 8. Ba3 Qe7 9. Qc1 Ne4 10. Qb2 O-O 11. Bxd6 Qxd6 12. Na3 Rf6 13. Nc2 a5 14. Nce1 a4 15. Nd3 a3 16. Qc1 Rh6 17. Rb1 b6 18. b4 Ba6 19. c5 Qc7 20. Qxa3 Qb7 21. Qb2 Bc4 22. a3 Bxd3 23. exd3 Nef6 24. Rfe1 Kf7 25.
Re2 b5 26. Rbe1 Ne8 27. Ng5+ Kg8 28. Nxe6 Nef6 29. h4 Nf8 30. Bh3 Nxe6 31. Rxe6 f4 32. Qc1 fxg3 33. fxg3 1-0

[Event "*** SCC Grand Prix: Titled Tuesday Blitz"]
[Site "Chess.com"]
[Date "2020.07.14"]
[Round "6"]
[White "Djager97"]
[Black "Zurability"]
[Result "1-0"]
[WhiteElo "2460"]
[BlackElo "2578"]
[TimeControl "180+1"]
[EndTime "11:06:04 PDT"]
[Termination "Djager97 won on time"]

1. e4 e5 2. Nf3 Nc6 3. d4 exd4 4. Nxd4 Bc5 5. Nb3 Bb6 6. Qe2 Nge7 7. Nc3 O-O 8. Be3 d6 9. O-O-O f5 10. f4 Qe8 11. g3 fxe4 12. Bg2 Bxe3+ 13. Qxe3 Nf5 14. Qxe4 Bd7 15. Rhe1 Qf7 16. Nd5 Rae8 17. Qd3 Bc8 18. Kb1 Nd8 19. g4 Nh4 20. Be4 c6 21. Bxh7+ Kh8 22.
Qh3 g5 23. fxg5 Rxe1 24. Rxe1 Qxh7 25. Nf6 Rxf6 26. gxf6 Be6 27. Nd4 Bf7 28. Re7 Ng6 29.
Qxh7+ Kxh7 30. Rd7 1-0

[Event "*** SCC Grand Prix: Titled Tuesday Blitz"]
[Site "Chess.com"]
[Date "2020.07.14"]
[Round "6"]
[White "andy_rekt"]
[Black "tamarozi99"]
[Result "1-0"]
[WhiteElo "2297"]
[BlackElo "2015"]
[TimeControl "180+1"]
[EndTime "11:06:04 PDT"]
[Termination "andy_rekt won by resignation"]

1. d4 Nf6 2. c4 g6 3. Nc3 Bg7 4.
e4 d6 5. Nge2 O-O 6. Ng3 e5 7.
d5 c6 8. Be2 cxd5 9. cxd5 a6 10. h4 b5 11. a3 Nbd7 12. h5 Nc5 13. h6 Bh8 14. Bg5 Qb6 15. O-O b4 16. axb4 Qxb4 17. Qc2 Nb3 18. Ra4 Nd4 19. Rxb4 Nxc2 20. Rb6 Rd8 21.
f4 exf4 22. Rxf4 Nxd5 23. Nxd5 Bd4+ 24. Kh2 Bxb6 25. Nxb6 Bb7 26. Nxa8 Rxa8 27. Rf6 Nd4 28. Rxd6 Ne6 29. Bf6 Kf8 30. Rb6 Bc8 31. e5 Ke8 32.
Bf3 Ra7 33. Bc6+ 1-0

[Event "*** SCC Grand Prix: Titled Tuesday Blitz"]
[Site "Chess.com"]
[Date "2020.07.14"]
[Round "6"]
[White "Ariadna_Atreides"]
[Black "Shivagami"]
[Result "0-1"]
[WhiteElo "2079"]
[BlackElo "2214"]
[TimeControl "180+1"]
[EndTime "11:06:04 PDT"]
[Termination "Shivagami won by checkmate"]

1. d4 Nf6 2. Nf3 d5 3. e3 c5 4. Bd3 Nc6 5. O-O Bg4 6. c3 e6 7. h3 Bh5 8. Nbd2 Bd6 9. dxc5 Bxc5 10. b4 Bd6 11. b5 Ne7 12. c4 O-O 13. Bb2 Ng6 14.
cxd5 exd5 15. Qb3 Qd7 16. Bxf6 gxf6 17. Nd4 Bc7 18. Bf5 Qd6 19. f4 Rfe8 20. g4 Bb6 21. gxh5 Nxf4 22. exf4 Bxd4+ 23. Kh1 Bxa1 24. Rxa1 Qxf4 25. Rg1+ Kh8 26. Qd3 Re3 27. Qc2 Re2 28.
Bxh7 Qh2# 0-1

[Event "*** SCC Grand Prix: Titled Tuesday Blitz"]
[Site "Chess.com"]
[Date "2020.07.14"]
[Round "6"]
[White "PotapovaM"]
[Black "praveenb2002"]
[Result "0-1"]
[WhiteElo "2491"]
[BlackElo "2717"]
[TimeControl "180+1"]
[EndTime "11:06:05 PDT"]
[Termination "praveenb2002 won by resignation"]

1. d4 Nf6 2. c4 g6 3. Nc3 Bg7 4. e4 d6 5. h3 O-O 6. Be3 e5 7.
d5 Nbd7 8. Nf3 Nc5 9. Nd2 a5 10. g4 c6 11. Be2 cxd5 12. exd5 Nfd7 13. g5 f5 14. gxf6 Nxf6 15. Bxc5 dxc5 16. Nde4 Nxe4 17. Nxe4 Qh4 18. Ng3 e4 19. Qb3 a4 20. Qa3 Qf4 21.
Qe3 Bxb2 22. Rb1 Bd4 23. Qxf4 Rxf4 24. Rh2 Ra6 25. Bg4 Bxg4 26. hxg4 b6 27. Ke2 Rxg4 28. Rbh1 h5 29. Rh4 Rxh4 30. Rxh4 Ra7 31. Rxe4 Kf7 32. Kd3 Re7 33. Rf4+ Kg7 34. Ne4 Kh6 35. d6 Rd7 36. Rf8 Be5 37. f4 Bxd6 38. Rf7 Rxf7 39. Nxd6 Rxf4 0-1

[Event "*** SCC Grand Prix: Titled Tuesday Blitz"]
[Site "Chess.com"]
[Date "2020.07.14"]
[Round "6"]
[White "MFguimaraes"]
[Black "Aguiar94"]
[Result "0-1"]
[WhiteElo "2390"]
[BlackElo "2553"]
[TimeControl "180+1"]
[EndTime "11:06:06 PDT"]
[Termination "Aguiar94 won by resignation"]

1. e4 c5 2. Nf3 e6 3. g3 Nc6 4.
Bg2 Nf6 5. Nc3 d5 6. exd5 Nxd5 7. d4 Nxc3 8. bxc3 Be7 9. O-O O-O 10. Be3 Qa5 11.
Qd3 Rd8 12. Rfd1 b6 13. Qe4 Bb7 14. Ne5 Rac8 15. Nxf7 Kxf7 16. d5 exd5 17. Qxh7 d4 18. Be4 Bf6 19. Bg6+ Kf8 20. Bh6 Ne5 21. Be4 Bxe4 22.
Qxe4 gxh6 23. f4 Nf7 24. Qg6 Rd6 25. Re1 dxc3 26. Qf5 Rcd8 27. Kg2 c4 28. Qg4 Qb5 29. Re4 Qc6 30. Qf3 Rd2+ 31. Kh3 R2d4 32. Rae1 Rxe4 33. Rxe4 Rd4 0-1

[Event "*** SCC Grand Prix: Titled Tuesday Blitz"]
[Site "Chess.com"]
[Date "2020.07.14"]
[Round "6"]
[White "Artem_Sadovsky"]
[Black "margarita_2703"]
[Result "1-0"]
[WhiteElo "2553"]
[BlackElo "2389"]
[TimeControl "180+1"]
[EndTime "11:06:06 PDT"]
[Termination "Artem_Sadovsky won by checkmate"]

1. Nf3 Nf6 2. c4 c6 3. b3 d5 4. Bb2 Bg4 5. e3 e6 6. Be2 Nbd7 7. O-O Bd6 8. d3 O-O 9. Nbd2 e5 10. Qc2 Re8 11. Rad1 Qc7 12. h3 Bh5 13. cxd5 cxd5 14. Qxc7 Bxc7 15. Rc1 Bd6 16. Rfe1 Rac8 17. a3 h6 18. b4 Nb6 19. Nb3 e4 20. dxe4 dxe4 21. Nfd4 Bxe2 22. Nxe2 Nfd5 23. Bd4 Be7 24. Na5 Bf6 25.
Nxb7 Bxd4 26. Nxd4 Nc4 27. Rxc4 Rxc4 28. Nd6 Rec8 29.
Nxc8 Rxc8 30. Rd1 Nb6 31. Nb5 a6 32. Nd6 Rc3 33. Rd4 Rxa3 34. Rxe4 Nd5 35. Re8+ Kh7 36. Nxf7 Nxb4 37. h4 h5 38. Ng5+ Kg6 39. Re6+ Kf5 40. e4+ Kf4 41. g3+ Kg4 42. Kg2 Ra2 43. Rg6 Nd3 44.
Nf3# 1-0

[Event "*** SCC Grand Prix: Titled Tuesday Blitz"]
[Site "Chess.com"]
[Date "2020.07.14"]
[Round "6"]
[White "Canonkasparov"]
[Black "TimofeevAr"]
[Result "0-1"]
[WhiteElo "2567"]
[BlackElo "2794"]
[TimeControl "180+1"]
[EndTime "11:06:07 PDT"]
[Termination "TimofeevAr won by resignation"]

1. d4 d5 2. Nf3 Nf6 3. Bf4 e6 4. e3 b6 5. Nbd2 Bb7 6. Bd3 Bd6 7. Ne5 Ne4 8. O-O O-O 9. Qe2 f6 10.
Nef3 Qe7 11. Bxd6 Qxd6 12. c3 a5 13. Rad1 Nd7 14. Bb5 c6 15. Bd3 f5 16. Ne1 c5 17.
f3 Nxd2 18. Qxd2 Nf6 19. f4 Ba6 20. Nf3 Ne4 21. Qe2 Bxd3 22. Qxd3 c4 23. Qc2 b5 24.
Nd2 Nf6 25. b3 Rfc8 26. bxc4 dxc4 27. Rb1 Nd5 28. Rfe1 b4 29. cxb4 c3 30. Nb3 Nxb4 31. Qe2 Qd5 32. Rbc1 Nxa2 33. Qxa2 a4 34. Rb1 c2 35.
Rbc1 axb3 0-1